 Dungeon Crawl Stone Soup version 0.26-a0-40-gfe7b5d5a6f (webtiles) character file.

Game seed: 3714050776053633863, levelgen mode: deterministic

114 Aksej the Slasher (level 4, 0/38 HPs)
             Began as a Minotaur Gladiator on May 31, 2020.
             Slain by a gnoll shaman
             ... wielding a +0 whip
              (7 damage)
             ... on level 4 of the Dungeon.
             The game lasted 00:05:15 (1735 turns).

Aksej the Slasher (Minotaur Gladiator)              Turns: 1735, Time: 00:05:15

Health: 0/38       AC:  5    Str: 18    XL:     4   Next: 67%
Magic:  3/3        EV: 13    Int:  5    God:
Gold:   112        SH:  0    Dex: 13    Spells: 3/3 levels left

rFire    . . .     SeeInvis +   a - +1 long sword
rCold    . . .     Gourm    .   (no shield)
rNeg     . . .     Faith    .   b - +0 leather armour
rPois    .         Spirit   .   c - +0 hat
rElec    .         Reflect  .   (no cloak)
rCorr    .         Harm     .   m - +1 pair of gloves
MR       .....                  (no boots)
Stlth    +.........             (no amulet)
HPRegen  0.12/turn              o - ring of see invisible
MPRegen  0.08/turn              (no ring)

@: glowing
A: retaliatory headbutt, horns 2
a: no special abilities


You were on level 4 of the Dungeon.
You were not hungry.

You visited 1 branch of the dungeon, and saw 4 of its levels.

You collected 112 gold pieces.

Inventory:

Hand Weapons
 a - a +1 long sword (weapon)
Missiles
 d - 3 throwing nets (quivered)
Armour
 b - a +0 leather armour (worn)
 c - a +0 hat (worn)
 m - a +1 pair of gloves (worn)
Jewellery
 o - a ring of see invisible (left hand)
Potions
 e - a potion of heal wounds {unknown}
 h - a potion of invisibility {unknown}
 j - 3 potions of lignification
 k - a potion of flight
 l - a potion of resistance
 n - a potion of curing
Comestibles
 f - 3 rations
 g - 9 chunks of flesh


   Skills:
 * Level 3.4 Fighting
 + Level 5.1 Long Blades
 + Level 2.1 Throwing
 + Level 0.9 Armour
 + Level 4.2 Dodging


You had 3 spell levels left.
You didn't know any spells.
Your spell library was empty.

Dungeon Overview and Level Annotations

Branches:
Dungeon (4/15)
 Temple: D:4-7

Altars:
Dithmenos


Innate Abilities, Weirdness & Mutations

You reflexively headbutt those who attack you in melee.
You have a pair of horns on your head.


Message History

The gnoll shaman is severely wounded.
The gnoll barely misses you.
The gnoll shaman mumbles some strange prayers to its god against you.
You are outlined in light.
The gnoll barely misses you. The gnoll hits you but does no damage.
You hit the gnoll shaman but do no damage.
Your headbutt misses the gnoll shaman.
The gnoll shaman is severely wounded.
The gnoll hits you from afar with a +0 spear.
The gnoll shaman calls upon its god to speed up the gnoll.
The gnoll seems to speed up.
The gnoll hits you from afar with a +0 halberd.
The gnoll closely misses you. The gnoll shaman barely misses you.
You barely miss the gnoll shaman.
The gnoll shaman is heavily wounded.
The gnoll barely misses you.
The gnoll hits you from afar with a +0 spear!
* * * LOW HITPOINT WARNING * * *
The gnoll shaman hits you with a +0 whip!
You die... ### ## .. .... .#.## .... gg#

#g# #@#
#)# #.#
###.#
##.#.#
####....#
+.<.....#
####....#
##.#.#


You could see a gnoll shaman and 2 gnolls.

Vanquished Creatures
  2 adders (D:2)
  2 gnolls (D:4)
  4 worms
  2 dart slugs
  2 leopard geckos (D:1)
  An orc (D:3)
  9 bats
  4 giant cockroaches
  4 goblins
  6 hobgoblins
  5 jackals (D:1)
  7 kobolds
  A quokka (D:2)
  A frilled lizard (D:3)
  7 rats
57 creatures vanquished.

Notes
Turn   | Place    | Note
-------+----------+-------------------------------------------
     0 | D:1      | Aksej the Minotaur Gladiator began the quest for the Orb.
     0 | D:1      | Reached XP level 1. HP: 18/18 MP: 0/0
   108 | D:1      | Reached XP level 2. HP: 25/25 MP: 1/1
   181 | D:1      | Reached skill level 4 in Long Blades
   575 | D:1      | Reached XP level 3. HP: 30/30 MP: 2/2
  1083 | D:2      | Reached XP level 4. HP: 35/38 MP: 3/3
  1442 | D:2      | Found a shadowy altar of Dithmenos.
  1730 | D:4      | Reached skill level 5 in Long Blades
  1735 | D:4      | Slain by a gnoll shaman

Illustrated notes

Levels and vault maps discovered:
D:1:      mrwooster_arrival_statue_2, layout_loops_cross
D:2:      layout_basic, marbit_many_paths
D:3:      kennysheep_the_goblin_king, layout_basic, lemuel_doored_altar,
          first_ration
D:4:      layout_loops_corners, gammafunk_temple_overflow_statue,
          gup_sewer_entry_glass, amethyst_killhole, uniq_blork_the_orc,
          uniq_grinder

Skill      XL: |  1  2  3  4 |
---------------+-------------+-----
Long Blades    | 4 5 |  5.1
Dodging        | 4 |  4.2
Fighting       | 3 |  3.4
Throwing       | |  2.1
Armour         | |  0.9

Action                   |  1- 3 |  4- 6 || total
-------------------------+-------+-------++-------
Melee: Long sword        |    57 |    34 ||    91
       Headbutt          |     9 |     9 ||    18
Throw: Throwing net      |       |     1 ||     1
  Use: Scroll            |     7 |     4 ||    11
  Eat: Chunk             |     1 |     2 ||     3
Armor: Leather armour    |    10 |    10 ||    20
Dodge: Dodged            |    44 |    29 ||    73
       Rpst.: Long sword |    13 |     4 ||    17

Table legend:
 A = Non-vault XP
 B = Vault XP
 C = Vault XP percentage of total XP
 D = Non-vault monster count
 E = Vault monster count
 F = Vault count percentage of total count
                 A         B        C        D         E       F
            +---------+---------+-------+---------+---------+-------
      Total |     163 |       1 |   0.6 |      56 |       1 |   1.8
            +---------+---------+-------+---------+---------+-------
        D:1 |      45 |       0 |   0.0 |      24 |       0 |   0.0
        D:2 |      71 |       1 |   1.4 |      21 |       1 |   4.5
        D:3 |      19 |       0 |   0.0 |       9 |       0 |   0.0
        D:4 |      28 |       0 |   0.0 |       2 |       0 |   0.0
            +---------+---------+-------+---------+---------+-------
